[Event "Team 45 45 League T25"]
[Site "Free Internet Chess Server"]
[Date "2004.12.18"]
[Round "2"]
[White "lovelace"]
[Black "RussoTuristo"]
[Result "0-1"]
[WhiteElo "1833"]
[BlackElo "1844"]
[TimeControl "2700+45"]

1. d4 c6 2. Nf3 d5 3. Bf4 g6 4. Nc3 Bg7 5. e3 Nf6 6. Be2 Qb6 7. a3 Bf5 8. Rb1 Nbd7 9. Ne5 Qa5 10. b4 Qd8 11. O-O a6 12. a4 Nxe5 13. Bxe5 O-O 14. a5 Ne4 15. Nxe4 Bxe5 16. dxe5 dxe4 17. g4 Be6 18. Qd4 f5 19. exf6 Qxd4 20. exd4 exf6 21. c4 Rad8 22. Rfd1 f5 23. gxf5 Bxf5 24. Rb2 Kg7 25. d5 Rf6 26. Rbd2 Rfd6 27. dxc6 Rxd2 28. Rxd2 Rxd2 29. cxb7 Rd8 30. b5 Bd7 31. bxa6 Bc6 32. c5 Rb8 33. Bb5 Bxb7 34. axb7 Rxb7 35. Bc6 Ra7 36. Bxe4 Rxa5 37. c6 Rc5 38. f3 Kf6 39. Kg2 h6 40. Kg3 Kg5 41. h4+ Kf6 42. Kf4 Rc3 43. Kg4 Rc5 44. Kf4 Rc3 45. Kg4 Rc5 46. Kf4 Rc3 47. Bd5 Rc5 48. Ke4 g5 49. hxg5+ hxg5 50. Kd4 Rc1 51. Bc4 Ke7 52. Kd5 Kd8 53. Bb5 Kc7 54. Ke4 Rc5 55. Bf1 Kxc6 56. Bh3 Kd6 57. Bf5 Rc4+ 58. Kd3 Rf4 59. Bg4 Ke5 60. Ke3 Ra4 61. Bd7 Ra3+ 62. Kf2 Kf4 63. Bc6 Ra2+ 64. Ke1 Ke3 65. Kf1 Kf4 66. Kg1 Kg3 67. Kf1 Rf2+ 68. Kg1 Rc2 69. Bb5 Rc1+ 70. Bf1 Kxf3   {White resigns} 0-1

[Event "Team 45 45 League T25"]
[Site "Free Internet Chess Server"]
[Date "2004.12.16"]
[Round "2"]
[White "Pilia"]
[Black "Doubleletter"]
[Result "1-0"]
[WhiteElo "1884"]
[BlackElo "1733"]
[TimeControl "2700+45"]

1. d4 d5 2. c4 c6 3. Nf3 Nf6 4. Nc3 e6 5. e3 Bb4 6. Bd3 O-O 7. O-O Nbd7 8. Qc2 h6 9. b3 Qa5 10. Bd2 dxc4 11. bxc4 e5 12. a3 Bxc3 13. Bxc3 Qc7 14. Nxe5 Nxe5 15. dxe5 Ng4 16. Qb2 f6 17. f4 fxe5 18. Bxe5 Qd8 19. Bxg7 Qh4 20. g3 Qxh2+ 21. Qxh2 Nxh2 22. Bxf8 Nxf1 23. Rxf1 Kxf8 24. e4 Bh3 25. Re1 Rd8 26. Re3 Kf7 27. f5 Kf6 28. e5+ Kg5 29. e6 Kf6 30. e7 Re8 31. Re6+ Kf7 32. Rxh6 Rxe7 33. Rxh3 Re3 34. Rh7+ Kf6 35. Rd7 Rxg3+ 36. Kf2 Rh3 37. Ke2 Rh2+ 38. Ke3 Rh3+ 39. Kd4 b6 40. Rxa7 Rh4+ 41. Kc3 Rh8 42. Rc7 c5 43. Rc6+   {Black resigns} 1-0

[Event "Team 45 45 League T25"]
[Site "Free Internet Chess Server"]
[Date "2004.12.19"]
[Round "2"]
[White "sidiAhmed"]
[Black "Plattner"]
[Result "1-0"]
[WhiteElo "1695"]
[BlackElo "1838"]
[TimeControl "2700+45"]

1. d4 Nf6 2. c4 e6 3. Nc3 Bb4 4. Bg5 h6 5. Bd2 d5 6. e3 O-O 7. Nf3 Nbd7 8. cxd5 exd5 9. Qc2 c6 10. a3 Bd6 11. Bd3 Re8 12. O-O c5 13. e4 dxe4 14. Nxe4 Nxe4 15. Bxe4 Nf6 16. Rfe1 cxd4 17. Nxd4 Bxh2+ 18. Kxh2 Qxd4 19. Bh7+ Kh8 20. Rxe8+ Nxe8 21. Bc3 Qh4+ 22. Kg1 Nf6 23. Bxf6 Qxf6 24. Be4 Qb6 25. Rc1 Be6 26. b4 Rb8 27. Qc7 Qxc7 28. Rxc7 Kg8 29. Bxb7 Kf8 30. Bc6 Rb6 31. b5 a6 32. a4 axb5 33. Bxb5 Bd5 34. f3 Rb7 35. Rxb7 Bxb7 36. Kf2 Ke7 37. Ke3 Kd6 38. Kd4 h5 39. Be8 Bd5 40. a5 h4 41. a6 h3 42. gxh3 Bxf3 43. Bxf7 Ba8 44. h4 Bc6 45. a7 Bb7 46. Bg6 Ba8 47. Be4   {Black resigns} 1-0

[Event "Team 45 45 League T25"]
[Site "Free Internet Chess Server"]
[Date "2004.12.17"]
[Round "2"]
[White "jokeroutter"]
[Black "Berk"]
[Result "0-1"]
[WhiteElo "1658"]
[BlackElo "1599"]
[TimeControl "2700+45"]

1. e4 c5 2. Nf3 Nc6 3. d4 cxd4 4. Nxd4 d6 5. Nc3 Nf6 6. Bc4 e6 7. Be3 Be7 8. g4 Nxd4 9. Bxd4 e5 10. g5 exd4 11. gxf6 dxc3 12. Qh5 g6 13. fxe7 Qxe7 14. Qf3 cxb2 15. Rb1 O-O 16. h4 h5 17. Rxb2 Bg4 18. Qf4 Rac8 19. Bd5 b6 20. c4 Qe5 21. Qxe5 dxe5 22. Rb3 Rfd8 23. Kd2 Rxc4 24. Ke3 Rc7 25. f3 Be6 26. Bxe6 fxe6 27. f4 Rdc8 28. Rd3 Rc3 29. fxe5 Rxd3+ 30. Kxd3 Kg7 31. Rh2 Kh6 32. Rg2 b5 33. Rf2 b4 34. Kd4 a5 35. Rf6 Rc6 36. Rf7 Ra6 37. Kc5 b3 38. axb3 a4 39. bxa4 Rxa4 40. Rf4 Kg7 41. Kd6 Ra6+ 42. Ke7 g5 43. hxg5 Kg6 44. Rf6+ Kxg5 45. Rxe6 Ra7+ 46. Kf8 h4 47. Rd6 h3 48. e6 h2 49. Rd1 Kf6 50. Rf1+ Kxe6 51. Rh1 Rh7 52. Kg8 Rh3 53. Kg7 Ke5 54. Kg6 Kxe4 55. Kg5 Kf3 56. Kf5 Kg2 57. Kg4 Ra3 58. Rc1 Ra2 59. Rc3 h1=Q 60. Rg3+ Kf2   {White resigns} 0-1

[Event "Team 45 45 League T25"]
[Site "Free Internet Chess Server"]
[Date "2004.12.19"]
[Round "2"]
[White "geolas"]
[Black "YOIULI"]
[Result "0-1"]
[WhiteElo "1817"]
[BlackElo "1921"]
[TimeControl "2700+45"]

1. e4 d6 2. d4 Nf6 3. Nc3 g6 4. Bg5 Bg7 5. f3 O-O 6. Qd2 c6 7. Bh6 b5 8. Bxg7 Kxg7 9. Bd3 e5 10. dxe5 dxe5 11. Nge2 Ba6 12. O-O-O Qa5 13. b3 Nbd7 14. Qe3 c5 15. Nd5 c4 16. Bxc4 bxc4 17. b4 Qxa2 18. Kd2 Nxd5 19. exd5 c3+ 20. Nxc3 Qc4 21. Ra1 Bb7 22. Rxa7 Rxa7 23. Qxa7 Qd4+ 24. Qxd4 exd4 25. Nb5 Bxd5 26. Nxd4 Rb8 27. Kc3 Nb6 28. Ra1 Rc8+ 29. Kd3 Bc4+ 30. Kd2 Rd8 31. Kc3 Rc8 32. Kd2 Nd5 33. c3 Rd8 34. Ra7 Nf4 35. Rc7 Bf1 36. g3 Ne6 37. Ke1 Nxc7   {White resigns} 0-1

[Event "Team 45 45 League T25"]
[Site "Free Internet Chess Server"]
[Date "2004.12.16"]
[Round "2"]
[White "TrondTumyr"]
[Black "sacKING"]
[Result "1-0"]
[WhiteElo "1815"]
[BlackElo "1771"]
[TimeControl "2700+45"]

1. e4 e6 2. d4 d5 3. Nc3 Nf6 4. e5 Nfd7 5. Nf3 c5 6. Bb5 a6 7. Bxd7+ Bxd7 8. Be3 c4 9. O-O Be7 10. Nd2 O-O 11. Qg4 Kh8 12. f4 f6 13. Nf3 Nc6 14. Rf2 fxe5 15. fxe5 Rf5 16. Raf1 Be8 17. Qh3 Rh5 18. Qxe6 Nb4 19. Ng5 g6 20. Rf8+   {Black resigns} 1-0

[Event "Team 45 45 League T25"]
[Site "Free Internet Chess Server"]
[Date "2004.12.19"]
[Round "2"]
[White "Chessface"]
[Black "mandragora"]
[Result "1-0"]
[WhiteElo "1708"]
[BlackElo "1811"]
[TimeControl "2700+45"]

1. c4 Nf6 2. g3 d5 3. d4 g6 4. Bg2 c6 5. Nc3 Bg7 6. Nf3 O-O 7. O-O Nbd7 8. Bf4 dxc4 9. Rc1 Nd5 10. Nxd5 cxd5 11. Ne5 Nf6 12. b3 cxb3 13. Qxb3 e6 14. Rc3 b6 15. Rfc1 Bb7 16. Rc7 Rb8 17. Qa4 a6 18. Bh3 Qe8 19. Qxe8 Nxe8 20. Re7 Bc8 21. Nxg6 Rb7 22. Rxc8 Rxe7 23. Nxe7+ Kh8 24. Nc6 Nf6 25. Rxf8+ Bxf8 26. Be5 Bg7 27. Bxf6 Bxf6 28. e3 Kg7 29. f4 Kg6 30. Kf2 h5 31. Ke2 Bg7 32. Kd2 Bf6 33. Kc3 Kg7 34. Kb4 Kf8 35. Bf1 Ke8 36. Bxa6 Bg7 37. Kb5 Bf8 38. Kxb6 Ba3 39. Bb5 Bc1 40. a4 Bxe3 41. a5 Bg1 42. a6   {Black resigns} 1-0

[Event "Team 45 45 League T25"]
[Site "Free Internet Chess Server"]
[Date "2004.12.18"]
[Round "2"]
[White "malevolentmick"]
[Black "silversteel"]
[Result "1-0"]
[WhiteElo "1602"]
[BlackElo "1669"]
[TimeControl "2700+45"]

1. e4 e5 2. Nf3 Nc6 3. Bb5 a6 4. Ba4 Nf6 5. O-O d6 6. Re1 Be7 7. c3 O-O 8. h3 b5 9. Bc2 Na5 10. d4 exd4 11. cxd4 Bb7 12. Nbd2 c5 13. Nf1 Nd7 14. Ng3 d5 15. exd5 Bxd5 16. dxc5 Bxf3 17. Qxf3 b4 18. Qe4 Nf6 19. Qxe7 Qd4 20. Qc7 Nc4 21. Nf5 Nd5 22. Qg3 Qf6 23. Bg5 Qxb2 24. Qd3 g6 25. Nh6+ Kg7 26. Qxc4 Nc3 27. Qd4+ f6 28. Qd7+ Kh8 29. Bxf6+ Rxf6 30. Re8+ Rf8 31. Rxf8+ Rxf8 32. Qd4+   {Black resigns} 1-0

[Event "Team 45 45 League T25"]
[Site "Free Internet Chess Server"]
[Date "2004.12.16"]
[Round "2"]
[White "KymF"]
[Black "plume"]
[Result "1-0"]
[WhiteElo "2092"]
[BlackElo "1995"]
[TimeControl "2700+45"]

1. d4 e6 2. c4 Nf6 3. Nc3 Bb4 4. e3 O-O 5. Bd3 d5 6. Ne2 c5 7. O-O cxd4 8. exd4 dxc4 9. Bxc4 Nc6 10. a3 Bd6 11. Qd3 e5 12. d5 e4 13. Nxe4 Ne5 14. Qd4 Nxe4 15. Qxe4 Bg4 16. Ng3 f5 17. Qd4 Rc8 18. Ba2 h5 19. Bf4 Qf6 20. Kh1 h4 21. Rae1 Rce8 22. f3 hxg3 23. fxg4 fxg4 24. hxg3 b6 25. b4 Qf5 26. Kg1 Qh5 27. Re3 Rf7 28. Rfe1 Rfe7 29. Bb3 b5 30. a4 a6 31. axb5 axb5 32. Qb6 g5 33. Bxe5 Rxe5 34. Rxe5 Bxe5 35. d6+ Kh8 36. d7 Bd4+ 37. Qxd4+   {Black resigns} 1-0

[Event "Team 45 45 League T25"]
[Site "Free Internet Chess Server"]
[Date "2004.12.28"]
[Round "2"]
[White "Veit"]
[Black "nham"]
[Result "1/2-1/2"]
[WhiteElo "1919"]
[BlackElo "2017"]
[TimeControl "2700+45"]

1. e4 e5 2. Nc3 Nf6 3. Bc4 Nxe4 4. Nf3 Nc6 5. Qe2 Nxc3 6. bxc3 d6 7. h3 Be7 8. Ba3 O-O 9. O-O Bf5 10. d4 exd4 11. cxd4 Bf6 12. c3 Re8 13. Qd2 a6 14. Qf4 Qd7 15. g4 Be4 16. Ng5 Bg6 17. Bd5 h6 18. Nf3 Rab8 19. Rae1 Bd3 20. Rxe8+ Rxe8 21. Rd1 Bg6 22. h4 Nd8 23. h5 Bh7 24. Kg2 c6 25. Bc4 d5 26. Bd3 Bxd3 27. Rxd3 Re4 28. Qh2 Qxg4+ 29. Kf1 Qe6 30. Bd6 b6 31. Be5 Bxe5 32. Nxe5 f6 33. Ng6 Re1+ 34. Kg2 Re4 35. Qc7 Rg4+ 36. Rg3 Rxg3+ 37. Kxg3 Qe8 38. Qxb6 Nf7 39. Qxa6 Ng5 40. Qxc6 Ne4+ 41. Kf4 Qxc6 42. Ne7+ Kf7 43. Nxc6 Nxc3 44. a3 Ke6 45. Nb4 f5 46. Nd3 Nb5 47. Nc5+ Kf6 48. a4 Nxd4 49. a5 Nc6 50. a6 g5+ 51. hxg6 Kxg6 52. Nd3 Na7 53. Ne5+ Kf6 54. Nf3 Ke6 55. Nd4+ Kd6 56. Nxf5+ Kc5 57. Nxh6 Nc6 58. Nf5 Kb6 59. Ne3 d4 60. Nf5 Kxa6 61. Ke4 d3 62. Kxd3 Kb6 63. Nd4 Ne7 64. Ke4 Kc7 65. Ke5 Kd7 66. Kf6 Ke8 67. Nf5 Nd5+ 68. Ke5 Nb4 69. Kd4 Kf7 70. f4 Kf6 71. Ne3 Nc6+ 72. Ke4 Ne7   {Game drawn by mutual agreement} 1/2-1/2

[Event "Team 45 45 League T25"]
[Site "Free Internet Chess Server"]
[Date "2004.12.17"]
[Round "2"]
[White "wester"]
[Black "RomaLavrn"]
[Result "0-1"]
[WhiteElo "1916"]
[BlackElo "1844"]
[TimeControl "2700+45"]

1. d4 d5 2. c4 c6 3. Nf3 Nf6 4. Nc3 dxc4 5. a4 Bf5 6. e3 e6 7. Bxc4 Bb4 8. O-O Nbd7 9. Qe2 Ne4 10. Nxe4 Bxe4 11. Nd2 Bg6 12. e4 Nb6 13. Nf3 Bxe4 14. Ng5 Bd5 15. Bd3 h6 16. Qh5 Rf8 17. Nh3 Qd7 18. Bf4 g6 19. Qe2 g5 20. Be5 O-O-O 21. a5 Na8 22. Rfc1 Bd6 23. Bf6 g4 24. Bxd8 gxh3 25. Bf6 Bxg2 26. f3 Rg8 27. Kf2 Bxh2 28. Be5 Bg3+ 29. Bxg3 Qxd4+ 30. Qe3 Qxe3+ 31. Kxe3 Rxg3 32. Be4 h2 33. Kf2 Rg7 34. Rg1 hxg1=Q+ 35. Rxg1 f5 36. Bd3 Rg5 37. Rxg2 Rxg2+ 38. Kxg2 Nc7 39. Kg3 Nd5 40. Bc4 Kd7 41. Kh4 Nf6 42. Kg3 e5 43. Bf7 b5 44. axb6 axb6 45. Bb3 b5 46. Bc2 f4+ 47. Kf2 Kd6 48. Ke2 Kc5 49. Bf5 Kd4 50. Bc8 b4 51. Bf5 c5 52. Bg6 c4 53. Kd2 c3+ 54. bxc3+ bxc3+ 55. Ke2 Nd5 56. Be4 Nb4 57. Kd1 Ke3   {White resigns} 0-1

[Event "Team 45 45 League T25"]
[Site "Free Internet Chess Server"]
[Date "2004.12.21"]
[Round "2"]
[White "fismoluni"]
[Black "noHz"]
[Result "1/2-1/2"]
[WhiteElo "1646"]
[BlackElo "1840"]
[TimeControl "2700+45"]

1. e4 e5 2. Nf3 Nf6 3. d4 Nxe4 4. Bd3 d5 5. Nxe5 Be7 6. O-O Nf6 7. c4 c6 8. Nc3 O-O 9. Bg5 Nbd7 10. cxd5 cxd5 11. Qb3 Nb6 12. a4 a5 13. Rac1 Be6 14. Nb5 Bb4 15. Nc7 Rc8 16. Nxe6 fxe6 17. Rc2 Qd6 18. Rfc1 Rxc2 19. Rxc2 Nbd7 20. Bf4 Ne4 21. Nxd7 Rxf4 22. Bb5 g6 23. Qd3 Kg7 24. g3 Rf7 25. Ne5 Rf8 26. Nd7 Rf7 27. Ne5 Rc7 28. Re2 Rc1+ 29. Kg2 Qc7 30. Qe3 Bd6 31. Nd3 Rc2 32. f4 Qc8 33. Nf2 Rxe2 34. Qxe2 Nxf2 35. Kxf2 Kf7 36. Qd1 Qc7 37. Ke2 Qc8 38. Qb1 Bb4 39. h4 b6 40. Kd1 e5 41. Qa2 exd4 42. Qxd5+ Qe6 43. Qxd4 Qd6 44. Qxd6 Bxd6 45. Ke2 h5 46. Kd3 Kf6 47. Ke4 Bc5 48. Bd3 Bf2 49. Kf3 Bd4 50. b3 Bc5 51. g4 hxg4+ 52. Kxg4 Bd6 53. f5 gxf5+ 54. Bxf5 Kg7 55. Kf3 Kh6 56. Kg4 Bc5 57. Bd7 Bf2 58. Be8 Bc5 59. h5 Bd4 60. Kf5 Bc5 61. Ke6 Bd4 62. Bg6 Bc5 63. Kd5 Be3 64. Kc4 Bc5 65. Kb5 Bg1 66. b4 axb4 67. Kxb4 Bc5+ 68. Kb5 Bg1   {Game drawn by mutual agreement} 1/2-1/2

[Event "Team 45 45 League T25"]
[Site "Free Internet Chess Server"]
[Date "2004.12.16"]
[Round "2"]
[White "fileman"]
[Black "Bengbula"]
[Result "1/2-1/2"]
[WhiteElo "1929"]
[BlackElo "2056"]
[TimeControl "2700+45"]

1. e4 e6 2. d4 d5 3. e5 c5 4. c3 Nc6 5. Nf3 Qb6 6. Be2 cxd4 7. cxd4 Nge7 8. b3 Nf5 9. Bb2 Bb4+ 10. Kf1 Bd7 11. Nc3 Rc8 12. Rc1   {Game drawn by mutual agreement} 1/2-1/2

[Event "Team 45 45 League T25"]
[Site "Free Internet Chess Server"]
[Date "2004.12.18"]
[Round "2"]
[White "Nogger"]
[Black "lodda"]
[Result "1/2-1/2"]
[WhiteElo "2054"]
[BlackElo "1935"]
[TimeControl "2700+45"]

1. Nf3 d5 2. b3 c5 3. Bb2 Nc6 4. d4 cxd4 5. Nxd4 Nf6 6. g3 e6 7. Bg2 Bd6 8. O-O O-O 9. Nxc6 bxc6 10. c4 Ba6 11. Qc2 Rc8 12. c5 Bb8 13. b4 Ng4 14. a4 f5 15. h3 Nf6 16. Nd2 Qe8 17. Rfe1 Qh5 18. Nf3 Ne4 19. Bd4 Ng5   {Game drawn by mutual agreement} 1/2-1/2

[Event "Team 45 45 League T25"]
[Site "Free Internet Chess Server"]
[Date "2004.12.19"]
[Round "2"]
[White "RussoTuristo"]
[Black "ymy"]
[Result "1-0"]
[WhiteElo "1859"]
[BlackElo "1767"]
[TimeControl "2700+45"]

1. Nf3 Nf6 2. g3 b5 3. Bg2 Bb7 4. d3 e6 5. e4 Be7 6. O-O O-O 7. Re1 d5 8. e5 Nfd7 9. d4 c5 10. c3 Nc6 11. Nbd2 a5 12. Nf1 Re8 13. h4 Bf8 14. N1h2 cxd4 15. cxd4 f6 16. Ng4 f5 17. Ngh2 Nb6 18. a3 a4 19. Ng5 Qd7 20. Bf1 Nc4 21. Nhf3 N6a5 22. Rb1 h6 23. Nh3 Nb3 24. Bf4 Rec8 25. Bd3 g6 26. Bc2 Nca5 27. Kg2 Rc7 28. Nhg1 Rac8 29. Bd3 Nc4 30. Ne2 Kg7 31. Nh2 Be7 32. Nf1 g5 33. hxg5 Bxg5 34. Bc2 Nxa3 35. Bxb3 Nxb1 36. Ba2 Bxf4 37. gxf4 a3 38. Bxb1 axb2 39. Qd2 Qe8 40. Qxb2 Qg6+ 41. Kf3 Qg4+ 42. Ke3 Qh3+ 43. Nfg3 Kh7 44. Rh1 Qg2 45. Rg1 Qh3 46. Qxb5 Bc6 47. Qb4 Rb7 48. Qd6 Rb3+ 49. Bd3 Bb5 50. Qe7+ Kh8 51. Qf6+ Kh7 52. Rd1 Ra8 53. Qxe6 Bxd3 54. Rxd3 Rxd3+ 55. Kxd3 Ra3+ 56. Nc3 Qg4 57. Qe7+   {Black resigns} 1-0

[Event "Team 45 45 League T25"]
[Site "Free Internet Chess Server"]
[Date "2004.12.17"]
[Round "2"]
[White "twinders"]
[Black "Pilia"]
[Result "1/2-1/2"]
[WhiteElo "1615"]
[BlackElo "1889"]
[TimeControl "2700+45"]

1. d4 Nf6 2. c4 e6 3. Nc3 d5 4. Bf4 Be7 5. Nf3 O-O 6. Qc2 c6 7. e4 dxe4 8. Nxe4 Nxe4 9. Qxe4 Bb4+ 10. Bd2 Bxd2+ 11. Nxd2 Nd7 12. Bd3 Nf6 13. Qh4 c5 14. Nf3 Qa5+ 15. Kf1 cxd4 16. Qxd4 Rd8 17. Qe5 Qxe5 18. Nxe5 b6 19. Ke2 Bb7 20. f3 Nd7 21. Nxd7 Rxd7 22. Rhd1 Rad8 23. Rd2 g6 24. Rad1 e5 25. Ke3 Kf8 26. Bc2 Ke7 27. Ba4 Rd6 28. Rxd6 Rxd6 29. Rxd6 Kxd6 30. Be8 f5 31. g3 g5 32. f4 gxf4+ 33. gxf4 e4 34. Kd4 a5 35. a3 Bc6 36. Bf7 a4 37. Bg8 h6 38. Bh7 Bd7 39. Bg8 Be6 40. Bh7 Bc8 41. Bg6 Bd7   {Game drawn by mutual agreement} 1/2-1/2

[Event "Team 45 45 League T25"]
[Site "Free Internet Chess Server"]
[Date "2004.12.20"]
[Round "2"]
[White "MStav"]
[Black "DesparateDan"]
[Result "1/2-1/2"]
[WhiteElo "1694"]
[BlackElo "1634"]
[TimeControl "2700+45"]

1. d4 Nf6 2. Nf3 g6 3. Bf4 Bg7 4. Nbd2 O-O 5. c3 d6 6. e3 Nbd7 7. Bd3 c5 8. O-O Nh5 9. Bg5 h6 10. Bh4 g5 11. Bg3 Nxg3 12. fxg3 Nf6 13. Ne4 c4 14. Nxf6+ Bxf6 15. Bxc4 Bg4 16. Qc2 Rc8 17. Bd3 a6 18. Rac1 Rc7 19. h3 Bd7 20. g4 b5 21. Qb1 e5 22. Bh7+ Kh8 23. Be4 Be6 24. Rf2 Bg7 25. Nh2 d5 26. Bf5 e4 27. Nf1 Qd6 28. Rcc2 Re8 29. Qe1 Bf8 30. Rfe2 Rec8 31. Ng3 Kg7 32. Nh5+ Kh8 33. h4 Be7   {Game drawn by mutual agreement} 1/2-1/2

[Event "Team 45 45 League T25"]
[Site "Free Internet Chess Server"]
[Date "2004.12.18"]
[Round "2"]
[White "grabapawn"]
[Black "BIRDSMAN"]
[Result "1-0"]
[WhiteElo "1504"]
[BlackElo "1660"]
[TimeControl "2700+45"]

1. e4 c5 2. Nc3 d6 3. Bc4 e6 4. Nf3 a6 5. d3 Nc6 6. Bf4 Nf6 7. e5 dxe5 8. Bxe5 Nxe5 9. Nxe5 Bd6 10. Nf3 Qc7 11. Qe2 Bd7 12. d4 cxd4 13. Nxd4 O-O 14. Nf3 Rac8 15. Bd3 Bb4 16. O-O Bxc3 17. bxc3 Qxc3 18. Rab1 Qc7 19. Rb4 Bc6 20. Ng5 h6 21. Nf3 Rfd8 22. Rh4 Bxf3 23. Qxf3 Qc6 24. Qg3 Qc7 25. Qe3 Qc5 26. Qg3 Kh8 27. Qh3 Kg8 28. Qg3 Qc7 29. Qf3 Rd7 30. Rc4 Qd8 31. Rh4 Qe7 32. Qg3 Qd6 33. f4 Kh8 34. Qh3 Kg8 35. Qg3 Kf8 36. h3 Qb6+ 37. Kh2 Rcd8 38. f5 Qd6 39. Qxd6+ Rxd6 40. fxe6 Rxe6 41. Bf5 Re5 42. Bd3 Red5 43. Rc4 Rd4 44. Rc7 R4d7 45. Rc5 Ke7 46. Re1+ Kf8 47. Rce5 Re8 48. Rxe8+ Nxe8 49. a4 Re7 50. Rb1 Nd6 51. Rb6 Rd7 52. c4 Rc7 53. Rxd6   {Black resigns} 1-0

[Event "Team 45 45 League T25"]
[Site "Free Internet Chess Server"]
[Date "2004.12.18"]
[Round "2"]
[White "Vinoblanca"]
[Black "JayH"]
[Result "0-1"]
[WhiteElo "1558"]
[BlackElo "1426"]
[TimeControl "2700+45"]

1. d4 d5 2. c4 Nf6 3. Nc3 c6 4. Nf3 Bg4 5. e3 e6 6. Be2 Bb4 7. Qc2 Ne4 8. O-O Nd7 9. Nxe4 Bf5 10. Bd3 dxe4 11. Bxe4 Bg4 12. Qb3 Qe7 13. a3 Bd6 14. Qxb7 O-O 15. Qxc6 f5 16. Qxa8 Rxa8 17. Bxa8 Bxf3 18. Bxf3 Nf6 19. b4 e5 20. c5 Bc7 21. d5 e4 22. d6 Bxd6 23. cxd6 Qxd6 24. Be2 h5 25. Rd1 Qe5 26. Rb1 Qc7 27. Bb2 Qc2 28. Bxf6 Qxe2 29. Bd4 h4 30. h3 g5 31. Bxa7 g4 32. Re1 Qa2 33. Ra1 Qf7 34. Bc5 Qg6 35. hxg4 Qxg4 36. a4 h3 37. g3 Qf3 38. Kf1 h2   {White resigns} 0-1

[Event "Team 45 45 League T25"]
[Site "Free Internet Chess Server"]
[Date "2004.12.19"]
[Round "2"]
[White "manyhorses"]
[Black "KlassAct"]
[Result "0-1"]
[WhiteElo "1233"]
[BlackElo "1373"]
[TimeControl "2700+45"]

1. e4 e5 2. Nf3 Nc6 3. Nc3 Bc5 4. d4 exd4 5. Nd5 Nf6 6. Nxf6+ Qxf6 7. Be2 d6 8. O-O O-O 9. c3 dxc3 10. Rb1 Bb6 11. Re1 Re8 12. Bd3 Bg4 13. Bg5 Bxf3 14. Qxf3 Qxg5 15. Bc4 Ne5 16. Bxf7+ Nxf7 17. Qxc3 Qe5 18. Qxe5 Nxe5 19. a4 Nd3 20. Re2 a5 21. Kf1 Re7 22. h4 Rae8 23. f3 d5 24. Rd1 Nf4 25. Ree1 dxe4 26. Rxe4 Rxe4 27. fxe4 Rxe4 28. Rd8+ Kf7 29. Rb8 Rxa4 30. Rxb7 Rb4 31. Ke1 Nxg2+ 32. Kd2 Nxh4 33. Kc3 Bd4+ 34. Kd3 Rxb7 35. Kxd4 Rxb2   {White resigns} 0-1

[Event "Team 45 45 League T25"]
[Site "Free Internet Chess Server"]
[Date "2004.12.16"]
[Round "2"]
[White "jokeroutter"]
[Black "fismoluni"]
[Result "0-1"]
[WhiteElo "1657"]
[BlackElo "1638"]
[TimeControl "2700+45"]

1. e4 c5 2. Nf3 d6 3. d4 cxd4 4. Nxd4 Nf6 5. Nc3 a6 6. Be2 Nbd7 7. a4 g6 8. Nb3 Bg7 9. O-O O-O 10. Be3 Re8 11. f4 Qc7 12. Bd3 e6 13. h3 b6 14. Qd2 Bb7 15. f5 exf5 16. exf5 Ne4 17. Bxe4 Bxe4 18. Nxe4 Rxe4 19. c3 Rae8 20. Rae1 Rxa4 21. Bxb6 Qxb6+ 22. Nd4 Rxe1 23. Rxe1 Bxd4+ 24. cxd4 Qxd4+ 25. Qxd4 Rxd4 26. Re7 Nf6 27. Ra7 Ra4 28. g4 gxf5 29. gxf5 d5 30. Ra8+ Kg7 31. Rc8 d4 32. Kf2 Kh6 33. Rf8 Kg7 34. Rd8 Ra2 35. Rxd4 Rxb2+ 36. Ke3 Rb3+ 37. Kf4 Rxh3 38. Ra4 Rh4+   {White resigns} 0-1

[Event "Team 45 45 League T25"]
[Site "Free Internet Chess Server"]
[Date "2004.12.19"]
[Round "2"]
[White "CleverBanana"]
[Black "AlesD"]
[Result "1-0"]
[WhiteElo "1660"]
[BlackElo "1590"]
[TimeControl "2700+45"]

1. d4 d5 2. c4 e6 3. Nc3 Be7 4. Nf3 Nf6 5. Bg5 O-O 6. e3 b6 7. b3 c6 8. Bd3 Nbd7 9. Qc2 Qc7 10. O-O Bd6 11. e4 dxe4 12. Nxe4 Nxe4 13. Bxe4 h6 14. Bh4 Bb7 15. Bg3 f5 16. Bxd6 Qxd6 17. Bd3 Rae8 18. Rfe1 g6 19. Qe2 c5 20. d5 exd5 21. Qxe8 Rxe8 22. Rxe8+ Kf7 23. Rae1 d4 24. Nh4 Be4 25. Bxe4 fxe4 26. R8xe4 Nf6 27. Re7+ Qxe7 28. Rxe7+ Kxe7 29. Nxg6+ Ke6 30. f3 Kf5 31. Ne7+ Kf4 32. Kf2 Nd7 33. Nd5+ Ke5 34. g3 h5 35. Ke2 Nf8 36. Ne7 a6 37. Kd3 Ne6 38. f4+ Nxf4+ 39. gxf4+ Kxf4 40. Nd5+ Kg4 41. Nxb6 Kh3 42. Nd7 Kxh2 43. Nxc5 Kg2 44. Ne4 h4 45. Ng5 Kg3 46. c5 Kf4 47. c6 Kxg5 48. c7 h3 49. c8=Q h2 50. Qg8+   {Black resigns} 1-0

[Event "Team 45 45 League T25"]
[Site "Free Internet Chess Server"]
[Date "2004.12.17"]
[Round "2"]
[White "twinders"]
[Black "thelovegambit"]
[Result "1/2-1/2"]
[WhiteElo "1624"]
[BlackElo "1568"]
[TimeControl "2700+45"]

1. d4 d5 2. Bf4 c5 3. e3 Nc6 4. Nf3 Bg4 5. c3 e6 6. Nbd2 Nf6 7. Qc2 Qb6 8. Bd3 Rc8 9. Ne5 Nxe5 10. Bxe5 c4 11. Be2 Bxe2 12. Kxe2 Ng4 13. Nf3 f6 14. Bg3 Bd6 15. Rab1 O-O 16. Nh4 e5 17. Nf5 g6 18. Nxd6 Qxd6 19. e4 Rce8 20. Kf1 Qe7 21. Qe2 Nh6 22. exd5 Nf5 23. Qxc4 Nd6 24. Qe2 Nf5 25. dxe5 fxe5 26. Re1 e4 27. Qc4 Qg5 28. d6+ Kg7 29. Qc7+ Rf7 30. d7 Nxg3+ 31. hxg3 Qd2 32. Qc5 Ref8 33. Qd4+ Qxd4 34. cxd4 Rxf2+ 35. Kg1 Rxb2 36. Kh2 Rd8 37. Rxe4 Rxd7 38. Rhe1 Rxa2 39. Re7+ Rxe7 40. Rxe7+ Kh6 41. Rxb7 Rd2 42. Rxa7 Rxd4 43. Kh3 Rd8 44. g4 g5 45. Ra6+ Kg7 46. Ra7+ Kg8 47. Re7 Rf8 48. Kg3 Rf4 49. Ra7 h6 50. Rb7 Rf7 51. Rxf7 Kxf7 52. Kf3 Kg6 53. Ke4 h5 54. gxh5+ Kxh5 55. Kf3 g4+ 56. Kg3 Kg5 57. Kf2   {Game drawn by mutual agreement} 1/2-1/2

[Event "Team 45 45 League T25"]
[Site "Free Internet Chess Server"]
[Date "2004.12.18"]
[Round "2"]
[White "SamuraiGoroh"]
[Black "rgadoury"]
[Result "0-1"]
[WhiteElo "1415"]
[BlackElo "1424"]
[TimeControl "2700+45"]

1. e4 c6 2. d4 d5 3. e5 Bf5 4. Bd3 Bxd3 5. Qxd3 e6 6. c3 Nd7 7. Nf3 Be7 8. O-O h5 9. h3 Nh6 10. Bxh6 Rxh6 11. g3 g5 12. Qe3 Rg6 13. Nh2 Qb6 14. b4 O-O-O 15. Nd2 Rf8 16. Qe2 Rh8 17. f4 f5 18. exf6 Bxf6 19. Kh1 gxf4 20. Rxf4 Bg5 21. Rf3 Bxd2 22. Qxd2 Nf6 23. Raf1 Ne4 24. Rf8+ Rxf8 25. Rxf8+ Kd7 26. Qf4 Nxg3+ 27. Qxg3 Rxg3 28. Rf3 Rxf3 29. Nxf3 Qd8 30. Ne5+ Ke7 31. a4 Qg8 32. a5 a6 33. Kh2 Qh7 34. c4 dxc4 35. Nxc4 Qc2+ 36. Kg3 Qxc4 37. Kh4 Qxb4 38. Kxh5 Qxa5+ 39. Kg4 Qf5+ 40. Kg3 Qd3+ 41. Kg2 Qxd4 42. Kg3 Kf6 43. h4 Qe3+ 44. Kg4 Qe4+ 45. Kg3 Kf5 46. h5 Qg4+ 47. Kf2 Qxh5 48. Ke3 Qg4 49. Kd3 Ke5 50. Ke3 Qf4+ 51. Kd3 Kd5 52. Kc3 Qd4+ 53. Kb3 Kc5 54. Kc2 Kc4 55. Kc1 Qd3 56. Kb2 Qb3+ 57. Ka1 Qh3 58. Kb2 a5 59. Kc2 a4 60. Kb2 a3+ 61. Ka2 Qb3+ 62. Ka1 Qb2#   {White checkmated} 0-1

[Event "Team 45 45 League T25"]
[Site "Free Internet Chess Server"]
[Date "2004.12.15"]
[Round "2"]
[White "mrmahoon"]
[Black "Chessface"]
[Result "0-1"]
[WhiteElo "1596"]
[BlackElo "1695"]
[TimeControl "2700+45"]

1. e4 c5 2. Nf3 Nc6 3. d4 cxd4 4. Nxd4 Nf6 5. Nc3 e5 6. Nf3 Bb4 7. Bd3 d5 8. Bd2 Bxc3 9. exd5 Bxd2+ 10. Qxd2 Nxd5 11. O-O O-O 12. Be4 Be6 13. Rfe1 f5 14. Bxd5 Bxd5 15. Nxe5 Qd6 16. Rad1 Nxe5 17. Qxd5+ Qxd5 18. Rxd5 Nc6 19. Rd7 b6 20. Rc7 Rfe8 21. Rd1 Ne5 22. Re1 Nf3+ 23. gxf3 Rxe1+ 24. Kg2   {White resigns} 0-1